[Event "Early-Titled-Tuesday-Blitz-January-30-2024"]
[Site "Chess.com"]
[Date "2024.01.30"]
[Round "7"]
[White "only_strong_moves"]
[Black "GianmarcoVaR"]
[Result "0-1"]
[WhiteElo "2524"]
[BlackElo "2706"]
[TimeControl "180+1"]
[EndTime "9:19:28 PST"]
[Termination "GianmarcoVaR won on time"]

1. d4 Nf6 2. c4 e6 3. Nf3 d5 4. g3 Bb4+ 5. Nbd2 dxc4 6. Bg2 b5 7. O-O Bb7 8. a4 a6 9. b3 c3 10. Nb1 c5 11. Bg5 cxd4 12. Qxd4 Qxd4 13. Nxd4 Bxg2 14. Kxg2 Bc5 15. Nc2 b4 16. a5 Nc6 17. Be3 Ne4 18. Bc1 Ba7 19. Ra4 Nc5 20. Nxb4 Nd4 21. Nxc3 Nxa4 22. Nxa4 Nxb3 23. Nxa6 O-O 24. Ba3 Rfc8 25. Rb1 Nxa5 26. Bc5 Nc4 27. Rb4 Ne5 28. Rb7 Bxc5 29. N6xc5 Rab8 30. Ra7 Nc6 31. Rd7 Rd8 32. Rc7 Rbc8 33.
Rb7 Rd2 34. Nb6 Rcd8 35. e3 Ne5 36. Ne4 Rb2 37. Nc5 h5 38. Nba4 Rxb7 39. Nxb7 Rd2 40. Nac5 Rb2 41. Nd6 Ng4 42. Nd3 Rd2 0-1

[Event "Early-Titled-Tuesday-Blitz-January-30-2024"]
[Site "Chess.com"]
[Date "2024.01.30"]
[Round "7"]
[White "GMBenjaminBok"]
[Black "GaiozNigalidze"]
[Result "1-0"]
[WhiteElo "2936"]
[BlackElo "2710"]
[TimeControl "180+1"]
[EndTime "9:19:29 PST"]
[Termination "GMBenjaminBok won on time"]

1. d4 d6 2. Nf3 g6 3. e4 Bg7 4.
Bc4 e6 5. Bb3 a6 6. O-O Ne7 7.
Re1 Nd7 8. Nbd2 O-O 9. Nf1 e5 10. c3 b5 11. Ng3 Bb7 12. h4 c5 13. h5 c4 14. Bc2 Qc7 15. Bg5 f6 16. Be3 Rae8 17.
a4 Nb6 18. axb5 axb5 19. Qd2 g5 20. Red1 Rd8 21. b3 h6 22. Ra5 Bc6 23. Rda1 Ra8 24. Nh2 Rxa5 25. Rxa5 Ra8 26. Rxa8+ Bxa8 27. Bd1 cxb3 28.
Bxb3+ Nc4 29. Qa2 Bb7 30. Nhf1 Kh7 31. Bxc4 Qxc4 32. Qa7 Qc8 33. Qb6 Qc6 34. Qd8 Ng8 35. Qb8 d5 36. dxe5 fxe5 37. exd5 Qxd5 38. f3 Nf6 39. Qc7 e4 40. fxe4 Qc6 41. Qf7 Nxe4 42. Bd4 Nf6 43. Ne3 Qd7 44. Qg6+ Kh8 45. Bxf6 Bxf6 46.
Qxf6+ 1-0

[Event "Early-Titled-Tuesday-Blitz-January-30-2024"]
[Site "Chess.com"]
[Date "2024.01.30"]
[Round "7"]
[White "the_chess_child"]
[Black "Aygehovit1992"]
[Result "1-0"]
[WhiteElo "2883"]
[BlackElo "2690"]
[TimeControl "180+1"]
[EndTime "9:19:31 PST"]
[Termination "the_chess_child won on time"]

1. e4 c5 2. Nf3 d6 3. d3 g6 4. g3 Bg7 5. Bg2 Nc6 6. O-O Rb8 7. a4 e5 8. Nc3 Nge7 9. Nd2 h5 10. Nc4 h4 11. Nb5 h3 12. Nbxd6+ Kf8 13. Bh1 Be6 14.
f4 exf4 15. Rxf4 Bd4+ 16. Kf1 Ne5 17. c3 Nxc4 18. Nxc4 Bxc4 19. dxc4 Be5 20. Qf3 Bxf4 21. Bxf4 Nc6 22. Rd1 Qe8 23. Bxb8 Qxb8 24. Qf6 Rh5 25. Bf3 Qe5 26. Qxe5 Rxe5 27. Rd7 Re7 28. Rd5 b6 29. Kf2 Ne5 30. Be2 a5 31. Ke3 Kg7 32.
b3 Re6 33. Bf1 Ng4+ 34. Kf4 Nf6 35. e5 Nxd5+ 36. cxd5 Re8 37. Bb5 Rd8 38. d6 Kf8 39. Ke4 Kg7 40. Kd5 f6 41. e6 Rh8 42. e7 Kf7 43.
Kc6 Ke6 44. Bc4+ Ke5 45. d7 1-0

[Event "Early-Titled-Tuesday-Blitz-January-30-2024"]
[Site "Chess.com"]
[Date "2024.01.30"]
[Round "7"]
[White "Kiborg95"]
[Black "Sebastian"]
[Result "1-0"]
[WhiteElo "2870"]
[BlackElo "2957"]
[TimeControl "180+1"]
[EndTime "9:19:32 PST"]
[Termination "Kiborg95 won on time"]

1. e4 c5 2. Nc3 d6 3. f4 g6 4.
Nf3 Bg7 5. Bb5+ Bd7 6. Bc4 Nc6 7. d3 Na5 8. Bd2 e6 9. Qe2 Ne7 10. a4 Nxc4 11. dxc4 O-O 12. h4 Bc6 13. h5 d5 14.
hxg6 hxg6 15. g4 Re8 16. O-O-O d4 17. Qh2 Kf8 18. Ng5 Ng8 19. Nd5 exd5 20. exd5 Bxa4 21. f5 Qb6 22. Rde1 Rxe1+ 23. Rxe1 Nf6 24. fxg6 Bxc2 25. gxf7 Bg6 26. Qe5 Nxd5 27. Qxd5 d3 28. Ne6+ Kxf7 29. Nf4+ Kf8 30. Ne6+ Kg8 31. Nxg7+ Kxg7 32. Bc3+ Kf8 33. Rf1+ Ke7 34. Qg5+ Kd7 35. Qd5+ Qd6 36.
Qxb7+ Ke6 37. Qxa8 d2+ 38. Bxd2 Qd3 39. Re1+ Kf6 40. Qc6+ Kg7 41. Bc3+ Kh6 42. Qh1+ Kg5 43. Qd5+ 1-0

[Event "Early-Titled-Tuesday-Blitz-January-30-2024"]
[Site "Chess.com"]
[Date "2024.01.30"]
[Round "7"]
[White "esrosenberg"]
[Black "vishwa_vijeta"]
[Result "1-0"]
[WhiteElo "2408"]
[BlackElo "2539"]
[TimeControl "180+1"]
[EndTime "9:19:32 PST"]
[Termination "esrosenberg won on time"]

1. c4 c5 2. g3 Nc6 3. Bg2 g6 4. Nc3 Bg7 5. a3 e6 6. Rb1 Nge7 7. b4 cxb4 8. axb4 d5 9. cxd5 exd5 10. b5 Ne5 11. d4 Nc4 12. Nf3 O-O 13. O-O a6 14. Bg5 Be6 15. bxa6 bxa6 16. Rb7 f6 17. Bf4 g5 18. Bc1 Rb8 19. Rxb8 Qxb8 20. Na4 Bf5 21. Nc5 a5 22. Nd2 Qb5 23. Nxc4 Qxc4 24. e4 dxe4 25. Nxe4 Rd8 26. Be3 Nd5 27. Qa1 Nxe3 28.
fxe3 Qe6 29. Qxa5 Bxe4 30. Qxd8+ Kf7 31. d5 Qe5 32. d6 Bxg2 33. Kxg2 Bf8 34. d7 Qe4+ 35.
Rf3 Qc2+ 36. Rf2 Qc6+ 37. Kg1 Qc1+ 38. Kg2 Qc6+ 39. Rf3 Qc2+ 40. Kh3 g4+ 41. Kxg4 Qg6+ 42. Kh3 1-0

[Event "Early-Titled-Tuesday-Blitz-January-30-2024"]
[Site "Chess.com"]
[Date "2024.01.30"]
[Round "7"]
[White "Felix-Rose"]
[Black "Alenzer"]
[Result "1-0"]
[WhiteElo "2356"]
[BlackElo "2138"]
[TimeControl "180+1"]
[EndTime "9:19:32 PST"]
[Termination "Felix-Rose won by checkmate"]

1. e4 c5 2. Nf3 e6 3. d4 cxd4 4. Nxd4 Nf6 5. Nc3 a6 6. e5 Nd5 7. Nxd5 exd5 8. Nb3 d6 9. Qxd5 Nc6 10. exd6 Bxd6 11. Qg5 O-O 12. Qxd8 Rxd8 13. Be3 Nb4 14. O-O-O Nxa2+ 15. Kb1 Nb4 16. Bc5 Bg4 17. Rxd6 Nc6 18. Bd3 Ne5 19. Be4 Rab8 20. Rxd8+ Rxd8 21. f3 Be6 22. Bxb7 Bxb3 23. cxb3 Rb8 24. Bxa6 Rxb3 25. Rd1 h6 26.
Bd6 Ng6 27. Bg3 Rb6 28. Rd8+ Kh7 29. Bd3 Re6 30. h4 h5 31. Bf2 Kh6 32. Kc2 Rc6+ 33. Kd2 Re6 34. Be3+ Kh7 35. g4 Rb6 36. gxh5 Rxb2+ 37.
Kc3 Rb6 38. hxg6+ fxg6 39. Bxb6 Kh6 40. Be3+ Kh7 41. Rd7 Kg8 42. Bxg6 Kf8 43. Bc5+ Kg8 44.
Rd8# 1-0

[Event "Early-Titled-Tuesday-Blitz-January-30-2024"]
[Site "Chess.com"]
[Date "2024.01.30"]
[Round "7"]
[White "Byniolus"]
[Black "MITerryble"]
[Result "1-0"]
[WhiteElo "2839"]
[BlackElo "2976"]
[TimeControl "180+1"]
[EndTime "9:19:34 PST"]
[Termination "Byniolus won by resignation"]

1. d4 e6 2. Nf3 Nf6 3. Bf4 b6 4. e3 Bb7 5. Nbd2 Bd6 6. Bxd6 cxd6 7. Be2 O-O 8. O-O d5 9. c4 dxc4 10. Nxc4 d6 11. Qa4 Qe7 12. Rfc1 Rd8 13. Qa3 Nc6 14.
Rc2 Nd5 15. Ncd2 Ncb4 16. Rcc1 Rdc8 17. Qb3 Nc6 18. a3 a6 19. e4 Nf4 20. Bf1 b5 21. a4 bxa4 22. Qxa4 Qf6 23. Rc3 e5 24. Rac1 exd4 25.
Rxc6 Bxc6 26. Rxc6 Rxc6 27. Qxc6 Rb8 28. b3 g5 29. e5 Qf5 30. exd6 d3 31. Qc7 Rf8 32.
Qe7 h6 33. d7 Qd5 34. h4 Ng6 35. Qe4 Qxd7 36. hxg5 hxg5 37. Bxd3 Re8 38. Qf5 Qd6 39.
Ne4 Qe7 40. Nf6+ Kg7 41. Nxe8+ Qxe8 42. Qxg5 Qb8 43. Bxg6 Qd6 44. Qe5+ Qxe5 45. Nxe5 fxg6 46. Nd7 1-0

[Event "Early-Titled-Tuesday-Blitz-January-30-2024"]
[Site "Chess.com"]
[Date "2024.01.30"]
[Round "7"]
[White "Oleksandr_Bortnyk"]
[Black "Jospem"]
[Result "0-1"]
[WhiteElo "3113"]
[BlackElo "3073"]
[TimeControl "180+1"]
[EndTime "9:19:35 PST"]
[Termination "Jospem won by resignation"]

1. e4 e5 2. Nf3 Nf6 3. Nxe5 d6 4. Nf3 Nxe4 5. Nc3 Nf6 6. d4 Be7 7. Bd3 O-O 8. O-O Bg4 9. Bg5 Nbd7 10. Qe2 Re8 11.
Rae1 Bf8 12. Qd1 Be7 13. h3 Bh5 14. g4 Bg6 15. Bxg6 hxg6 16. Qd3 c6 17. Re3 Bf8 18.
Rfe1 Rxe3 19. Rxe3 Qb6 20. b3 Qa5 21. a4 Re8 22.
Kg2 Rxe3 23. Qxe3 a6 24. Bf4 Qd8 25. Ng5 Nb6 26. Qg3 Nbd5 27. Nxd5 Nxd5 28. c4 Nf6 29.
Qh4 Qb6 30. c5 Qxb3 31. cxd6 Qd5+ 32. Kg1 Qxd4 33. Qg3 b5 34. Be5 Qd1+ 35. Kh2 bxa4 36. Bxf6 gxf6 37. Ne4 Qd4 38. Qf4 Kg7 39. Kg3 g5 40.
Qf5 Bxd6+ 41. Kg2 Bf4 42. h4 Qe5 43. hxg5 Qxf5 44. gxf5 fxg5 45. Nc3 a3 46. Kf3 Be5 47. Na2 Kf6 48. Ke4 a5 49. f3 Bb2 0-1

[Event "Early-Titled-Tuesday-Blitz-January-30-2024"]
[Site "Chess.com"]
[Date "2024.01.30"]
[Round "7"]
[White "gahryman"]
[Black "RobertoJBM"]
[Result "1-0"]
[WhiteElo "2668"]
[BlackElo "2820"]
[TimeControl "180+1"]
[EndTime "9:19:35 PST"]
[Termination "gahryman won on time"]

1. e4 c6 2. d4 d5 3. e5 Bf5 4. Nf3 e6 5. c3 Nd7 6. Be2 Ne7 7.
Na3 c5 8. dxc5 Nxc5 9. Nd4 a6 10. O-O Bg6 11. Nac2 Nd7 12. f4 Nf5 13. Nxf5 Bxf5 14. Nd4 Bc5 15. Kh1 Be4 16. Be3 O-O 17. Bd3 Bxd3 18.
Qxd3 g6 19. Rae1 Re8 20. Bf2 Rc8 21. Qh3 Bf8 22. Nf3 Bg7 23. Bd4 b5 24. g4 f5 25.
gxf5 exf5 26. Ng5 h6 27. Nf3 Nf8 28. Rg1 Rc6 29. Qg2 Kh7 30. Rd1 Qe7 31. a3 Qf7 32.
Rd2 Ne6 33. Be3 Rd8 34. Rgd1 a5 35. Nd4 Nxd4 36. Rxd4 Rc4 37. Rxd5 Rxd5 38. Qxd5 Qe8 39. Qd7 Qa8+ 40. Qd5 Qe8 41. Bd4 Rc8 42. e6 Rd8 43. Qb7 Qg8 44. Kg2 Rb8 45. Qd7 Rd8 46. Bxg7 Rxd7 47.
exd7 Qd8 48. Bf6 Qxf6 49. d8=Q 1-0

[Event "Early-Titled-Tuesday-Blitz-January-30-2024"]
[Site "Chess.com"]
[Date "2024.01.30"]
[Round "7"]
[White "Kotlyar_K"]
[Black "LaPiToB"]
[Result "0-1"]
[WhiteElo "2458"]
[BlackElo "2297"]
[TimeControl "180+1"]
[EndTime "9:19:35 PST"]
[Termination "LaPiToB won by resignation"]

1. e4 c6 2. Nf3 d5 3. Nc3 dxe4 4. Nxe4 Nf6 5. Qe2 Nxe4 6. Qxe4 Qa5 7. Bc4 Bf5 8. Qf4 e6 9. c3 Nd7 10. d4 Be7 11. O-O O-O 12. Be3 Bg6 13. b4 Qd8 14.
Rfd1 Nb6 15. Bb3 Nd5 16. Bxd5 exd5 17. Ne5 Bd6 18. Qf3 Be4 19. Qe2 f6 20. Nd3 Re8 21.
f3 Bg6 22. Qf2 Qc7 23. g3 a5 24. a3 axb4 25. cxb4 Bxd3 26. Rxd3 Bxb4 27. Qb2 Bd6 28.
Rb3 Re7 29. Bf2 Rae8 30. Rb1 b5 31. Rc1 Re2 32. Rc2 Rxc2 33. Qxc2 Qd7 34. Rc3 Rc8 35. Qb3 g6 36. Re3 Kg7 37. Qd3 Ra8 38. Qe2 Rxa3 39. Re8 Ra7 40. h4 b4 41. h5 Qh3 42. h6+ Qxh6 43. Qb2 Qh3 44. f4 Re7 45. Rxe7+ Bxe7 46. Qe2 Qd7 47. Qa6 Qd6 48. Qa8 b3 49. Qb7 Qa3 50.
Be1 b2 51. Qb8 Qa1 52. Kg2 b1=Q 53. Qxb1 Qxb1 0-1

[Event "Early-Titled-Tuesday-Blitz-January-30-2024"]
[Site "Chess.com"]
[Date "2024.01.30"]
[Round "7"]
[White "SaqoChess_Twitch"]
[Black "DenLaz"]
[Result "1/2-1/2"]
[WhiteElo "2595"]
[BlackElo "3039"]
[TimeControl "180+1"]
[EndTime "9:19:36 PST"]
[Termination "Game drawn - insufficient material"]

1. d4 Nf6 2. c4 e6 3. Nc3 Bb4 4. e3 O-O 5. a3 Bxc3+ 6. bxc3 Nc6 7. Bd3 e5 8. Ne2 e4 9. Bb1 b6 10. Ng3 Ba6 11. Nxe4 Bxc4 12. Nxf6+ Qxf6 13. Bd3 Na5 14. O-O d5 15. Re1 Rfe8 16. Bc2 c5 17. a4 h6 18. h3 Rac8 19. Bd2 Nb7 20. f3 Re6 21. Rc1 Rce8 22. Bb1 Nd6 23. Qc2 g6 24. Kh2 Qe7 25. dxc5 bxc5 26. e4 dxe4 27. fxe4 Nxe4 28. Rxe4 Rxe4 29.
Qxe4 Qxe4 30. Bxe4 Rxe4 31. Bxh6 Re2 32. Rd1 Bb3 33.
Rd8+ Kh7 34. Bf8 Bxa4 35. Bxc5 Bc6 36. Kg3 Rxg2+ 37. Kf4 Re2 38. Bxa7 Re6 39. Bd4 f6 40. Rc8 Be4 41. Rc7+ Kh6 42. Bxf6 Rxf6+ 43. Kxe4 Rf1 44. c4 Rh1 45. Rc8 Kg7 46. c5 Rxh3 47. c6 Rc3 48. Kd4 Rc1 49. Kd5 g5 50. Ke5 g4 51. Kf4 Kf7 52.
Kxg4 Ke7 53. Kf4 Kd6 54. Ke4 Rxc6 55. Rxc6+ Kxc6 1/2-1/2

[Event "Early-Titled-Tuesday-Blitz-January-30-2024"]
[Site "Chess.com"]
[Date "2024.01.30"]
[Round "7"]
[White "Shodikulov_Jamshid1990"]
[Black "SaiAgni_98"]
[Result "0-1"]
[WhiteElo "2396"]
[BlackElo "2569"]
[TimeControl "180+1"]
[EndTime "9:19:37 PST"]
[Termination "SaiAgni_98 won by resignation"]

1. c4 c5 2. Nc3 Nc6 3. g3 e5 4. Bg2 g6 5. a3 Bg7 6. Nf3 Nge7 7. O-O O-O 8. Rb1 a5 9. d3 d6 10. Ne1 Be6 11. Nc2 Qd7 12. Bd2 Bh3 13. e4 Bxg2 14.
Kxg2 f5 15. b4 axb4 16. axb4 Nd4 17. bxc5 dxc5 18. Nxd4 exd4 19. Nd5 fxe4 20. dxe4 Ra2 21. Bf4 Nxd5 22. exd5 Ra3 23. Rb5 Qf5 24. Bd6 Rf7 25.
Bxc5 Qe4+ 26. Kg1 Raf3 27. Rb6 h5 28. Re6 Qg4 29. Qd2 h4 30. Bd6 Kh7 31. c5 d3 32. c6 bxc6 33. dxc6 Qxe6 34. c7 Qxd6 35. c8=Q hxg3 36. Qh3+ Kg8 37. hxg3 Bd4 38. Kg2 Rxf2+ 39.
Rxf2 Rxf2+ 40. Qxf2 Bxf2 41. Qc8+ Qf8 42. Qxf8+ Kxf8 43. Kxf2 Kf7 44. Ke3 Kf6 45. Kxd3 Kf5 46. Ke3 Kg4 47.
Kf2 Kh3 48. Kf3 g5 49. Kf2 g4 50. Kf1 Kxg3 51. Kg1 Kh3 52. Kh1 g3 53. Kg1 g2 0-1

[Event "Early-Titled-Tuesday-Blitz-January-30-2024"]
[Site "Chess.com"]
[Date "2024.01.30"]
[Round "7"]
[White "Logman74"]
[Black "LileKoridze"]
[Result "0-1"]
[WhiteElo "2561"]
[BlackElo "2385"]
[TimeControl "180+1"]
[EndTime "9:19:38 PST"]
[Termination "LileKoridze won on time"]

1. e4 c5 2. Nf3 d6 3. d4 cxd4 4. Nxd4 Nf6 5. Nc3 a6 6. f4 Nbd7 7. Bd3 e5 8. Nf3 Qc7 9. O-O b5 10. Kh1 Be7 11. a3 Bb7 12. Nh4 exf4 13. Nf5 Kf8 14.
Nxe7 Kxe7 15. Bxf4 h6 16. Bxb5 axb5 17. Nxb5 Qc6 18.
Bxd6+ Kd8 19. c4 Rc8 20. b3 Qxe4 21. Qd2 Re8 22. Qa5+ Nb6 23. Qxb6+ Kd7 24. Qg1 Re6 25. Rfe1 Qg4 26. Bg3 Ne4 27. Rad1+ Ke7 28. Rxe4 Qxe4 29.
Nd6 Qc6 30. Nxc8+ Bxc8 31. c5 f6 32. Bd6+ Kf7 33. b4 Bb7 34. Qf2 Qa4 35. Rf1 Qxa3 36.
b5 Qb4 37. Qf5 Qxb5 38. Qh5+ g6 39. Qd1 Re2 40. Rg1 Re6 41. Qd2 Kg7 42. Qa2 Re2 43. Qa7 Rxg2 0-1

[Event "Early-Titled-Tuesday-Blitz-January-30-2024"]
[Site "Chess.com"]
[Date "2024.01.30"]
[Round "7"]
[White "yaguigor"]
[Black "Brahianzevich"]
[Result "0-1"]
[WhiteElo "2552"]
[BlackElo "2376"]
[TimeControl "180+1"]
[EndTime "9:19:38 PST"]
[Termination "Brahianzevich won on time"]

1. Nf3 d5 2. d4 e6 3. c4 Nf6 4. Nc3 Bb4 5. Bg5 h6 6. Bxf6 Qxf6 7. e3 O-O 8. Qc2 c5 9. a3 Bxc3+ 10.
bxc3 dxc4 11. Bxc4 Nd7 12. O-O b6 13. e4 Bb7 14. Rfe1 cxd4 15. cxd4 Rac8 16. Qb3 Qg6 17.
Bd3 Rfd8 18. a4 Qh5 19. a5 e5 20. axb6 axb6 21. Ra7 exd4 22. Rxb7 Nc5 23. Qxb6 Nxd3 24. Rf1 Nf4 25. Nd2 Qe2 26. Qb3 Ne6 27. Qd1 Qa6 28. Rb1 d3 29. f4 Nd4 30. Kh1 Ne2 31. Ra1 Qb6 32. Qb3 Qxb3 33. Nxb3 Rc2 34. Rad1 Nc3 35.
Rd2 Nxe4 36. Rdd1 Nf2+ 37. Rxf2 Rxf2 38. Kg1 Rxf4 39. g3 Rb4 40. Nd2 Rb2 41. Kf2 Re8 42. Kf3 Re2 43. Ne4 Rxh2 44. Rxd3 Rhg2 45. Rd8+ Kh7 46.
Rd7 Kg6 47. Rd6+ f6 48. g4 Rgc2 49. Rd5 Rb3+ 50. Kf4 Rc4 0-1

[Event "Early-Titled-Tuesday-Blitz-January-30-2024"]
[Site "Chess.com"]
[Date "2024.01.30"]
[Round "7"]
[White "KubaGepard"]
[Black "Nikolakis2014"]
[Result "0-1"]
[WhiteElo "2552"]
[BlackElo "2763"]
[TimeControl "180+1"]
[EndTime "9:19:39 PST"]
[Termination "Nikolakis2014 won by resignation"]

1. d4 Nf6 2. Nf3 g6 3. g3 Bg7 4. Bg2 O-O 5. O-O d6 6. b3 a5 7. c4 a4 8. Bb2 Re8 9. Nc3 a3 10. Bc1 Nbd7 11. Qc2 e5 12. Rd1 exd4 13. Nxd4 Nc5 14.
Rb1 Ng4 15. b4 Ne6 16. Nf3 h6 17. h3 Ne5 18. Nxe5 Bxe5 19. Bxh6 Nd4 20. Qd3 Bf5 21. e4 Be6 22. Be3 c5 23. bxc5 dxc5 24. Nd5 Bxd5 25. exd5 Qd7 26. Rb6 Ra6 27. Rdb1 Rxb6 28. Rxb6 Qc7 29.
Rb1 Bxg3 30. Bxd4 Bh2+ 31. Kf1 cxd4 32. Qxd4 Bd6 33. Rd1 Rc8 34. Rc1 b6 35. Bf3 Re8 36. Re1 Rxe1+ 37. Kxe1 Bb4+ 38. Kf1 Bc5 39. Qe4 Qh2 40. Bg2 Qd6 41. h4 Qf6 42. Qc2 Qxh4 43. Qd2 Qf6 44. Be4 Qe5 45. Bf3 Kg7 46. Kg2 f5 47. Qe2 Qd4 48. Kf1 g5 49. Bh5 g4 50.
Kg2 Kh6 51. Be8 Kg5 52. Bd7 Kf4 53. Be6 Qb2 54. Qd3 Qxf2+ 0-1

[Event "Early-Titled-Tuesday-Blitz-January-30-2024"]
[Site "Chess.com"]
[Date "2024.01.30"]
[Round "7"]
[White "AlexPapasimakopoulos"]
[Black "Pelopidass"]
[Result "1-0"]
[WhiteElo "2765"]
[BlackElo "2566"]
[TimeControl "180+1"]
[EndTime "9:19:39 PST"]
[Termination "AlexPapasimakopoulos won on time"]

1. d4 Nf6 2. c4 e6 3. Nc3 Bb4 4. Qc2 d5 5. cxd5 exd5 6. Bg5 c6 7. e3 O-O 8. Bd3 h6 9. Bh4 c5 10. Nf3 c4 11. Bh7+ Kh8 12. Bf5 Nc6 13. O-O Bxc3 14. bxc3 Qd6 15. Bxf6 Qxf6 16. Bxc8 Raxc8 17. Rfb1 b6 18. Rb5 Qe6 19. Re1 f5 20. a4 Rcd8 21. h3 Qf6 22.
Ra1 Na5 23. Ne5 Nb3 24. Rxb3 cxb3 25. Qxb3 Kh7 26. a5 Rfe8 27. axb6 Qxb6 28. Qc2 Rf8 29. c4 dxc4 30. Qxc4 Rc8 31. Qa2 Rc7 32. Rb1 Qd6 33.
Ra1 Rfc8 34. Qd2 Rc2 35. Qd1 R8c7 36. Qh5 Rc1+ 37. Rxc1 Rxc1+ 38. Kh2 g6 39. Qf3 Rc7 40. h4 Qf6 41. g3 a5 42. Qa8 Qb6 43. Qf8 Qa6 44.
h5 gxh5 45. Qxf5+ Kg7 46. Qxh5 Qf6 47. Qg4+ Kh8 48. Kg2 a4 49. Qe4 1-0

[Event "Early-Titled-Tuesday-Blitz-January-30-2024"]
[Site "Chess.com"]
[Date "2024.01.30"]
[Round "7"]
[White "deepfear"]
[Black "familijatop71"]
[Result "1-0"]
[WhiteElo "1959"]
[BlackElo "2236"]
[TimeControl "180+1"]
[EndTime "9:19:39 PST"]
[Termination "deepfear won on time"]

1. e4 e6 2. Nf3 d5 3. e5 c5 4. b4 a6 5. bxc5 Bxc5 6. d4 Ba7 7. c3 Ne7 8. Bd3 Bd7 9. a4 b5 10.
a5 Nbc6 11. O-O Nxa5 12. Ng5 h6 13. Qh5 g6 14. Qh3 Nb3 15. Rxa6 Nxc1 16. Rxc1 Nf5 17. Nf3 Bb6 18. Rxa8 Qxa8 19. Nh4 Bd8 20. Nxf5 gxf5 21.
Qe3 Bg5 22. f4 Be7 23. Qe2 Qa1 24. Bxb5 Bxb5 25. Qxb5+ Kf8 26. Rf1 Kg7 27. Qd3 Rb8 28. Nd2 Qb2 29. Rb1 Qa3 30. Rxb8 Qc1+ 31. Kf2 Qd1 32.
Qe2 Qc2 33. Rb1 Qxc3 34. Re1 Qxd4+ 35. Kf1 Qxf4+ 36. Qf2 Qg5 37. g3 Qg4 38. Qf3 Qh3+ 39. Qg2 Qg4 40. Kg1 Bc5+ 41. Kh1 Qg5 42. Nf3 Qg4 43. Qe2 Qh3 44. Ng1 Bxg1 45. Kxg1 1-0

[Event "Early-Titled-Tuesday-Blitz-January-30-2024"]
[Site "Chess.com"]
[Date "2024.01.30"]
[Round "7"]
[White "Darkbluelord"]
[Black "carloseduar100"]
[Result "0-1"]
[WhiteElo "2115"]
[BlackElo "2283"]
[TimeControl "180+1"]
[EndTime "9:19:40 PST"]
[Termination "carloseduar100 won on time"]

1. e4 e6 2. d4 d5 3. Nc3 Nf6 4. e5 Nfd7 5. f4 c5 6. Nf3 Nc6 7. Bb5 Qb6 8. Bxc6 bxc6 9. O-O cxd4 10. Na4 Qa5 11. b3 c5 12. f5 Nb6 13. fxe6 Bxe6 14. Nb2 h6 15. Nd3 g5 16. Bxg5 hxg5 17. Nxg5 O-O-O 18. Nxe6 fxe6 19. Qg4 Nd7 20. Qxe6 Qb6 21.
Qxd5 Qh6 22. h3 Qe3+ 23. Kh2 Bg7 24. Rf3 Bxe5+ 25. Kh1 Qg5 26. Qa8+ Kc7 27. Qxa7+ Kd6 28. Qa6+ Ke7 29. Re1 Rdg8 30. Re2 Rh6 31. Qc4 Kd6 32. Nxe5 Nxe5 33. Qa6+ Nc6 34. Qd3 Rhg6 35. Qe4 Qd5 36.
Qf4+ Ne5 37. Rff2 R8g7 38. b4 Rf7 39. bxc5+ Kxc5 40. Qc1 Rxf2 41. Qa3+ Kc6 42. Rxf2 Qb5 43. Qb3 Rd6 44. Qg8 Qb7 45. Qg5 Nc4 46. Qf4 Qb1+ 47.
Rf1 Qxc2 48. Qf3+ Kc5 49. Re1 Rd5 50. Qf8+ Kb5 0-1

[Event "Early-Titled-Tuesday-Blitz-January-30-2024"]
[Site "Chess.com"]
[Date "2024.01.30"]
[Round "7"]
[White "stollenmonster"]
[Black "jk13"]
[Result "1-0"]
[WhiteElo "2907"]
[BlackElo "2703"]
[TimeControl "180+1"]
[EndTime "9:19:41 PST"]
[Termination "stollenmonster won by resignation"]

1. e4 e5 2. Nc3 Nf6 3. g3 d5 4. exd5 Nxd5 5. Bg2 Be6 6. Nge2 Nc6 7. O-O Qd7 8. d3 O-O-O 9. f4 Nxc3 10. Nxc3 Bh3 11.
fxe5 Bxg2 12. Kxg2 Nxe5 13. Qe2 Nc6 14. Be3 f5 15.
Rae1 g6 16. Bg5 Be7 17. Bxe7 Rde8 18. Qf2 Rxe7 19. Rxe7 Qxe7 20. Re1 Qd7 21. Qc5 Rd8 22. Re3 b6 23. Qb5 Kb7 24. Ne2 a6 25. Qc4 Qg7 26. c3 Ne5 27. Qf4 Nxd3 28. Qf3+ Kb8 29. Rxd3 Re8 30. Re3 Rxe3 31. Qxe3 Qf7 32. b3 Qd5+ 33. Kh3 Qd1 34. Nd4 Qf1+ 35. Kh4 Qd1 36. Kg5 Qh5+ 37. Kf6 Qxh2 38. Qe8+ Kb7 39. Qe5 Qg2 40. Kg7 Qh1 41. Ne6 Ka8 42. Qxc7 Qe4 43. Kf7 g5 44. Qxb6 Qd5 45. Qxa6+ Kb8 46. Qb6+ Ka8 47.
Qa6+ Kb8 48. Qc4 Qd7+ 49. Kf6 f4 50. gxf4 g4 51. f5 g3 52. Qf4+ Ka8 53. Qxg3 Qg7+ 54. Qxg7 1-0

[Event "Early-Titled-Tuesday-Blitz-January-30-2024"]
[Site "Chess.com"]
[Date "2024.01.30"]
[Round "7"]
[White "LeoLV10"]
[Black "BestStelker"]
[Result "1-0"]
[WhiteElo "2478"]
[BlackElo "2657"]
[TimeControl "180+1"]
[EndTime "9:19:41 PST"]
[Termination "LeoLV10 won by resignation"]

1. e4 e6 2. d4 d5 3. e5 c5 4. c3 Nc6 5. Nf3 Qb6 6. a3 c4 7.
Nbd2 Na5 8. Be2 Bd7 9. h4 h6 10. h5 O-O-O 11. Rb1 Kb8 12. b4 cxb3 13. c4 dxc4 14.
Nxc4 Nxc4 15. Bxc4 Qc7 16. Bxb3 Bb5 17. Bd2 Ne7 18.
Bxe6 Bd3 19. Rc1 Qb6 20. Bc4 Bxc4 21. Rxc4 Nc6 22. O-O Be7 23. Be3 Rd5 24. Qc2 Rhd8 25. Rb1 Rb5 26. Rc1 Rbd5 27. Kh2 Qa6 28. Rb1 Ka8 29.
Ra4 Ra5 30. Rxa5 Qxa5 31. Qb3 Qb6 32. Qa2 Qc7 33. g3 f6 34. Rc1 Qd7 35. e6 Qd5 36. Qxd5 Rxd5 37. g4 Kb8 38. Rc3 a5 39. a4 Ka7 40. Rc4 Nd8 41. Nd2 Nxe6 42. Nb3 Bd6+ 43.
Kg2 Kb8 44. Kf3 f5 45. Nd2 fxg4+ 46. Kxg4 Nc7 47. f4 Be7 48. Ne4 Ne6 49. Nc3 Nd8 50. Nxd5 1-0

[Event "Early-Titled-Tuesday-Blitz-January-30-2024"]
[Site "Chess.com"]
[Date "2024.01.30"]
[Round "7"]
[White "Herzog2012"]
[Black "PetrolulSah"]
[Result "1-0"]
[WhiteElo "2556"]
[BlackElo "2220"]
[TimeControl "180+1"]
[EndTime "9:19:41 PST"]
[Termination "Herzog2012 won on time"]

1. e4 e5 2. Nf3 Nf6 3. Nxe5 d6 4. Nf3 Nxe4 5. d4 d5 6. Bd3 Be7 7. O-O Nc6 8. c3 O-O 9. Bf4 f5 10.
Ne5 Nxe5 11. Bxe5 Bd6 12. f4 c5 13. Nd2 c4 14. Bc2 b5 15. Nf3 b4 16. Bxd6 Qxd6 17.
Qe1 bxc3 18. bxc3 Qa3 19. Bxe4 fxe4 20. Ne5 Rb8 21. Qe3 Rb2 22. g4 Rxa2 23. Rab1 Rc2 24.
Rfc1 Qa2 25. Rxc2 Qxc2 26. Ra1 a5 27. Rxa5 Bxg4 28. Ra1 Bf3 29. Nxf3 exf3 30. Qxf3 Qe4 31. Qxe4 dxe4 32. Ra4 Rxf4 33. Rxc4 Rf3 34. Rc5 Rd3 35.
Kf2 Rd2+ 36. Ke3 Rxh2 37. c4 Ra2 38. Kxe4 Kf7 39. Rf5+ Ke6 40. Re5+ Kf6 41. Kd5 Ra5+ 42. c5 g5 43. Kd6 g4 44. c6 1-0

[Event "Early-Titled-Tuesday-Blitz-January-30-2024"]
[Site "Chess.com"]
[Date "2024.01.30"]
[Round "7"]
[White "shimastream"]
[Black "mac0504"]
[Result "1/2-1/2"]
[WhiteElo "3006"]
[BlackElo "2746"]
[TimeControl "180+1"]
[EndTime "9:19:43 PST"]
[Termination "Game drawn by repetition"]

1. d4 Nf6 2. Bg5 e6 3. Nd2 d5 4. e3 Be7 5. Bd3 O-O 6. f4 c5 7. c3 h6 8. Bxf6 Bxf6 9. Ngf3 b6 10. Qe2 a5 11. g4 Ba6 12. h4 Bxd3 13. Qxd3 g6 14. g5 hxg5 15. fxg5 Bg7 16. h5 c4 17.
Qc2 Qe8 18. O-O-O Nc6 19. Rh3 Ne7 20. e4 gxh5 21. Rdh1 Ng6 22. Rxh5 b5 23. e5 b4 24. Nh2 bxc3 25. bxc3 Qe7 26. Ng4 Qa3+ 27. Kd1 Rfb8 28.
Nf6+ Kf8 29. Nd7+ Ke7 30. Nxb8 Rxb8 31. Nb1 Rxb1+ 32. Qxb1 Qxc3 33. Qb7+ Ke8 34. Qb8+ Ke7 35. Qa7+ Ke8 36. R5h3 Qa1+ 37. Kd2 Qb2+ 38. Ke1 Qc1+ 39. Kf2 Qd2+ 40. Kf3 Qd3+ 41. Kf2 Qd2+ 42. Kg1 Qe1+ 43.
Kg2 Qe2+ 44. Kg1 Qe1+ 45. Kg2 Qe2+ 46. Kg3 Qe3+ 47. Kg4 Qe2+ 48. Kg3 Qe3+ 49. Kg2 Qe2+ 1/2-1/2